 Dungeon Crawl Stone Soup version 0.27-a0-931-g5a74e75d8f (webtiles) character file.

Game seed: 3036959618039719598

72 Alarkh the Insei (level 4, 33/34 HPs)
             Began as a Demonspawn Gladiator on Apr 10, 2021.
             Got out of the dungeon alive.
             The game lasted 00:01:00 (1361 turns).

Alarkh the Insei (Demonspawn Gladiator)             Turns: 1361, Time: 00:01:00

Health: 33/34      AC:  4    Str: 14    XL:     4   Next: 7%
Magic:  4/4        EV: 12    Int: 10    God:
Gold:   53         SH:  0    Dex: 15    Spells: 3/3 levels left

rFire    . . .     SeeInvis .     - Unarmed
rCold    . . .     Faith    .   (no shield)
rNeg     . . .     Spirit   .   a - +0 leather armour
rPois    .         Reflect  .   b - +0 helmet
rElec    .         Harm     .   (no cloak)
rCorr    .         Rampage  .   (no gloves)
Will     .....                  (no boots)
Stlth    +.........             (no amulet)
HPRegen  0.11/turn              (no ring)
MPRegen  0.09/turn              (no ring)

@: no status effects
A: claws 1, foul stench 1
a: no special abilities


You escaped.
You visited 1 branch of the dungeon, and saw 2 of its levels.

You collected 53 gold pieces.

Inventory:

Missiles
 c - 3 throwing nets (quivered)
 g - 27 poisoned darts
Armour
 a - a +0 leather armour (worn)
 b - a +0 helmet (worn)
Scrolls
 d - a scroll of magic mapping {unknown}
 e - a scroll of immolation {unknown}
 f - a scroll of identify {unknown}
 h - a scroll of vulnerability {unknown}


   Skills:
 + Level 2.9 Fighting
 - Level 1.7 Throwing
 - Level 2.6 Dodging
 * Level 4.0 Unarmed Combat


You had 3 spell levels left.
You didn't know any spells.
Your spell library contained the following spells:

 Spells                   Type           Power      Damage    Failure   Level
 Confusing Touch          Hex            0%         N/A       82%         3
 Gell's Gravitas          Tloc           0%         N/A       82%         3
 Petrify                  Tmut/Erth      0%         N/A       99%         4
 Metabolic Englaciation   Hex/Ice        0%         N/A       100%        5
 Yara's Violent Unravell  Hex/Tmut       0%         3d3       100%        5


Dungeon Overview and Level Annotations

Branches:
Dungeon (2/15)

Altars:


Innate Abilities, Weirdness & Mutations

You have sharp fingernails.
You may rarely emit foul miasma when damaged in melee.


Message History

The adder barely misses you.
You closely miss the adder.
The adder is moderately wounded.
The adder bites you but does no damage.
You completely miss the adder.
The adder is moderately wounded.
The adder barely misses you. The adder closely misses you.
You barely miss the adder.
The adder is moderately wounded.
The adder bites you.
You barely miss the adder.
The adder is moderately wounded.
The adder closely misses you.
You scratch the adder.
The adder is moderately wounded.
The adder bites you.
You scratch the adder but do no damage.
The adder is moderately wounded.
The adder bites you.
You claw the adder!
You kill the adder!
Your Unarmed Combat skill increases to level 4!
You have reached level 4!
You feel agile.
Your demonic ancestry asserts itself...
You begin to emit a foul stench of rot and decay.
(D) Dungeon
Where to? (Enter - D:2, ? - help)
Found 16 gold pieces.
There is a stone staircase leading up here.
You climb upwards.
There is a stone staircase leading down here.
There is a stone staircase leading down here.
You open the door.
There is an open door here.
There is a dry fountain here.
You enter the shallow water.
Moving in this stuff is going to be slow.
There is a staircase leading out of the dungeon here.
Are you sure you want to leave the Dungeon?
This will make you lose the game!
You have escaped!

### ##.###############
##..#≈≈≈≈≈≈≈≈≈≈≈≈≈# ###
#...#≈≈≈≈≈≈≈≈≈≈≈≈≈###### ..#
#...#≈≈≈≈≈≈≈≈≈≈≈≈≈#....## .>#
#...#≈≈≈≈≈≈≈≈≈≈≈≈≈#.....## ..#
#...#≈≈≈≈≈...≈≈≈≈≈#......# ..#
#...#≈≈≈≈..@..≈≈≈≈#......# ..#
##...#≈≈≈≈≈...≈≈≈≈≈#..)...# ..#
#....#≈≈≈≈≈≈≈≈≈≈≈≈≈#......## ..#
#....#≈≈≈≈≈≈≈≈≈≈≈≈≈#.......#
#####....#≈≈≈≈≈≈≈≈≈≈≈≈≈#.......#
.........#≈≈≈≈≈≈≈≈≈≈≈≈≈#.......##
#....##..#≈≈≈≈≈≈≈≈≈≈≈≈≈#.........
....####.#≈≈≈≈≈≈≈≈≈≈≈≈≈#.........
.#..# ###≈≈≈≈≈≈≈≈≈≈≈≈≈#.........


There were no monsters in sight!

Vanquished Creatures
  4 adders (D:2)
  A dart slug (D:1)
  4 ball pythons
  7 bats
  3 endoplasms
  2 giant cockroaches (D:1)
  3 goblins
  4 hobgoblins
  2 quokkas
  A kobold (D:1)
  A rat (D:1)
32 creatures vanquished.

Notes
Turn   | Place    | Note
-------+----------+-------------------------------------------
     0 | D:1      | Alarkh the Demonspawn Gladiator began the quest for the
                  | Orb.
     0 | D:1      | Reached XP level 1. HP: 16/16 MP: 1/1
    60 | D:1      | Reached skill level 3 in Unarmed Combat
    66 | D:1      | Gained mutation: You have sharp fingernails. [demonic
                  | ancestry]
    66 | D:1      | Reached XP level 2. HP: 3/22 MP: 2/2
   862 | D:2      | Reached XP level 3. HP: 22/28 MP: 3/3
  1291 | D:2      | Reached skill level 4 in Unarmed Combat
  1291 | D:2      | Gained mutation: You may rarely emit foul miasma when
                  | damaged in melee. [demonic ancestry]
  1291 | D:2      | Reached XP level 4. HP: 24/34 MP: 4/4
  1361 | D:$      | Got out of the dungeon alive.

Illustrated notes

Levels and vault maps discovered:
D:1:      zaba_arrival_water, layout_rooms
D:2:      layout_loops_ring, uniq_terence

Skill      XL: |  1  2  3 |
---------------+----------+-----
Unarmed Combat | 3 4 |  4.0
Fighting       | |  2.9
Throwing       | |  1.7
Dodging        | |  2.6

Action                   |  1- 3 |  4- 6 || total
-------------------------+-------+-------++-------
Melee: Unarmed           |   117 |       ||   117
       Punch             |     1 |       ||     1
 Stab: Sleeping          |     2 |       ||     2
Armor: Leather armour    |    42 |       ||    42
Dodge: Dodged            |    87 |       ||    87

Table legend: (Time is in decaauts)
 A = Elapsed time spent in this place.
 B = Non-inter-level travel time spent in this place.
 C = Inter-level travel time spent in this place.
 D = Time resting spent in this place.
 E = Time spent auto-exploring this place.
 F = Levels seen in this place.
 G = Mean time per level.
                   A        B        C        D        E       F      G
               +--------+--------+--------+--------+--------+-----+--------+
         Total |   1366 |   1280 |     86 |    188 |    875 |   2 |  683.0 |
       Dungeon |   1366 |   1280 |     86 |    188 |    875 |   2 |  683.0 |
               +--------+--------+--------+--------+--------+-----+--------+

Top non-repeatable levels by time:
     D:1: 887 daAuts
     D:2: 479 daAuts
